 Dungeon Crawl Stone Soup version 0.26-a0-646-g5d7718319a (webtiles) character file.

Game seed: 14873011785161613684

3685 DogServant the Scholar of Death (level 10, -11/61 HPs)
             Began as a Tengu Necromancer on Sept 24, 2020.
             Was a Follower of Kikubaaqudgha.
             Mangled by Grum
             ... wielding a -1 spear
              (14 damage)
             ... on level 9 of the Dungeon.
             The game lasted 00:31:50 (13283 turns).

DogServant the Scholar of Death (TeNe)             Turns: 13283, Time: 00:31:52

Health: -11/61     AC:  6    Str: 11    XL:     10   Next: 13%
Magic:  4/16       EV: 14    Int: 17    God:    Kikubaaqudgha [*.....]
Gold:   407        SH:  0    Dex: 20    Spells: 3/16 levels left

rFire    . . .     SeeInvis .   v - +0 falchion
rCold    . . .     Faith    .   (no shield)
rNeg     . . .     Spirit   .   u - +0 ring mail
rPois    .         Reflect  .   (helmet restricted)
rElec    .         Harm     +   q - scarf {harm}
rCorr    .         Rampage  .   (no gloves)
MR       .....                  (boots unavailable)
Stlth    ++........             (no amulet)
HPRegen  0.20/turn              a - +6 ring of dexterity
MPRegen  0.15/turn              p - ring of wizardry

@: about to teleport
A: beak, talons 3, able to fly
a: Fly, Receive Corpses, Renounce Religion


You were on level 9 of the Dungeon.
You worshipped Kikubaaqudgha.
Kikubaaqudgha was aware of your devotion.
You visited 2 branches of the dungeon, and saw 10 of its levels.

You collected 407 gold pieces.

Inventory:

Hand Weapons
 j - a +2 dagger of electrocution
 v - a +0 falchion (weapon)
Missiles
 n - 37 poisoned darts (quivered)
Armour
 b - a +1 leather armour
 q - a scarf of harm (worn)
 u - a +0 ring mail (worn)
Jewellery
 a - a +6 ring of dexterity (left hand)
 d - an uncursed ring of stealth
 p - a ring of wizardry (right hand)
 y - an uncursed ring of protection from cold
Wands
 k - a wand of digging (5)
 l - a wand of enslavement (12)
 C - a wand of disintegration (8)
 D - a wand of random effects (5)
Scrolls
 c - 3 scrolls of immolation
 h - 9 scrolls of remove curse
 s - a scroll of enchant armour
 E - a scroll of vulnerability {unknown}
 F - a scroll of amnesia {unknown}
Potions
 e - 3 potions of curing
 f - 2 potions of flight
 i - a potion of mutation {unknown}
 m - a potion of degeneration {unknown}
 o - 2 potions of stabbing {unknown}
 r - a potion of brilliance {unknown}
 t - 2 potions of cancellation {unknown}
 w - a potion of might {unknown}
 x - 2 potions of invisibility {unknown}
 z - a potion of heal wounds {unknown}
 A - a potion of lignification {unknown}
 B - 2 potions of haste {unknown}


   Skills:
 + Level 6.5 Fighting
 - Level 3.8(5.7) Short Blades
 + Level 6.6(7.1) Long Blades
 - Level 6.5 Armour
 + Level 5.1 Dodging
 - Level 2.0 Stealth
 + Level 3.8 Spellcasting
 - Level 6.6 Necromancy
 + Level 3.3 Air Magic
 + Level 2.4 Evocations


You had 3 spell levels left.
You knew the following spells:

 Your Spells              Type           Power        Failure   Level
a - Pain                  Necr           ####         1%          1
b - Animate Skeleton      Necr           ####..       1%          1
c - Vampiric Draining     Necr           ####......   2%          3
d - Animate Dead          Necr           ####......   9%          4
e - Sublimation of Blood  Necr           ####......   1%          2
f - Swiftness             Air            ##......     5%          2

Your spell library contained the following spells:

 Spells                   Type           Power        Failure   Level
 Shock                    Conj/Air       #...         7%          1
 Poisonous Vapours        Pois/Air       #.....       11%         2
 Beastly Appendage        Tmut           #.....       14%         1
 Sting                    Tmut/Pois      #...         14%         1
 Wereblood                Tmut           #.......     21%         2
 Static Discharge         Conj/Air       #.......     21%         3
 Mephitic Cloud           Conj/Pois/Air  #.......     26%         3
 Ignite Poison            Fire/Tmut/Pois #.......     38%         3
 Spider Form              Tmut/Pois      #.........   38%         3
 Agony                    Necr           ####....     24%         5
 Airstrike                Air            ##........   32%         4
 Ice Form                 Ice/Tmut       #.......     77%         4
 Olgreb's Toxic Radiance  Pois           #.......     77%         4
 Lightning Bolt           Conj/Air       #.........   86%         5
 Blade Hands              Tmut           #.........   97%         5


Dungeon Overview and Level Annotations

Branches:
Dungeon (9/15)             Temple (1/1) D:6
   Lair: D:8-11         Orc: D:9-12

Altars:
Ashenzari
Cheibriados
Dithmenos
Hepliaklqana
Kikubaaqudgha
Makhleb
Nemelex Xobeh
Okawaru
Qazlal
Sif Muna
Trog
Uskayaw
Vehumet
Wu Jian
Xom
Yredelemnul
Zin
The Shining One

Annotations:
D:3 Grinder
D:9 Grum


Innate Abilities, Weirdness & Mutations

You have a beak for a mouth.
You have claws for feet.
You can fly continuously.


Message History

The wolf barely misses you.
Okay, then.
Okay, then.
Okay, then.
You feel better. The wolf bites you but does no damage.
Grum hits you from afar with a -1 spear.
* * * LOW HITPOINT WARNING * * *
The wolf bites you!
* * * LOW HITPOINT WARNING * * *
Casting: Vampiric Draining (dangerous; 2% risk of failure)
Confirm with . or Enter, or press ? or * to list all spells.
Okay, then.
Grum is momentarily distracted by a flea in his coat.
As you read the scroll of teleportation, it crumbles to dust.
You feel strangely unstable.
The wolf closely misses you. x2; You riposte.
You hit the wolf.
The wolf is heavily wounded.
Grum hits you from afar with a -1 spear!
You die...
Kikubaaqudgha rasps: "You have failed me!
Welcome... death!"

#.#...........#.#
#.#....######.#.#
#.#...........#.#
#.#.....#####.#.#
#.#.#.........#.#
#.#.#.#.#####.#.#####
#.#.#.#...#.#>.......
#.#<#.#.....#.##.....
#.#.@.....#.#..'.....
#.#h#.#...#.#.##.....
#.#g#.#...#.#.#######
#.#h#.#.....#.#...#
#.#l#.#######.#...#
#.#.#.........#...#
#.#.#..########...#
#.#.#..########...#
#.................#


You could see Grum, 2 wolves and a leopard gecko.

Vanquished Creatures
  3 hippogriffs (D:8)
  A wyvern (D:9)
  A water moccasin (D:7)
  2 phantoms
  2 ice beasts
  2 black bears
  A sky beast (D:7)
  5 ogres
  2 wolves (D:9)
  3 centaurs
  3 bullfrogs
  A scorpion (D:5)
  A killer bee (D:8)
  2 hounds
  An orc priest (D:7)
  A bullfrog zombie (D:4)
  A quasit (D:6)
  6 jellies
  5 orc wizards
  A gnoll shaman (D:5)
  A centaur skeleton (D:8)
  3 iguanas
  8 worker ants
  A hound zombie (D:8)
  2 hound skeletons
  A worker ant zombie (D:6)
  A howler monkey zombie (D:9)
  8 gnolls
  11 adders
  2 white imps (D:7)
  An ufetubus (D:9)
  2 oozes
  3 adder zombies
  6 dart slugs
  6 leopard geckos
  23 orcs
  A ball python (D:3)
  2 giant cockroaches
  14 goblins
  2 hobgoblins
  13 jackals
  3 quokkas
  7 bats
  5 frilled lizards
  A jackal skeleton (D:6)
  7 kobolds
  A quokka zombie (D:5)
  4 rats
183 creatures vanquished.

Vanquished Creatures (collateral kills)
  An adder skeleton (D:4)
  3 orcs
4 creatures vanquished.

Grand Total: 187 creatures vanquished

Notes
Turn   | Place    | Note
-------+----------+-------------------------------------------
     0 | D:1      | DogServant the Tengu Necromancer began the quest for the
                  | Orb.
     0 | D:1      | Reached XP level 1. HP: 10/10 MP: 4/4
   376 | D:1      | Learned a level 1 spell: Animate Skeleton
   380 | D:1      | Reached skill level 1 in Fighting
   380 | D:1      | Reached XP level 2. HP: 16/16 MP: 6/6
  1208 | D:1      | Reached XP level 3. HP: 19/20 MP: 7/7
  1250 | D:1      | Learned a level 3 spell: Vampiric Draining
  1495 | D:1      | Reached skill level 5 in Necromancy
  1589 | D:2      | Reached skill level 1 in Armour
  2197 | D:2      | Reached XP level 4. HP: 26/26 MP: 8/8
  2803 | D:3      | Found a hide-covered altar of Uskayaw.
  2803 | D:3      | Found a burning altar of Makhleb.
  3036 | D:3      | Reached skill level 1 in Short Blades
  3363 | D:3      | Gained mutation: You can fly continuously. [Tengu growth]
  3363 | D:3      | Reached XP level 5. HP: 30/30 MP: 9/9
  3488 | D:3      | Noticed Grinder
  4260 | D:4      | Reached XP level 6. HP: 35/35 MP: 10/10
  4626 | D:4      | Found a shimmering altar of Xom.
  4909 | D:5      | Entered Level 5 of the Dungeon
  5054 | D:5      | Noticed an ice beast
  5070 | D:5      | Reached XP level 7. HP: 37/40 MP: 4/11
  5352 | D:5      | Learned a level 4 spell: Animate Dead
  5827 | D:5      | Reached skill level 1 in Long Blades
  6139 | D:5      | Reached skill level 5 in Dodging
  6723 | D:6      | Reached XP level 8. HP: 23/46 MP: 4/13
  7065 | D:6      | Found a staircase to the Ecumenical Temple.
  8930 | D:7      | Found a shimmering blue altar of Sif Muna.
  9441 | Temple   | Entered the Ecumenical Temple
  9517 | Temple   | Became a worshipper of Kikubaaqudgha
  9884 | D:7      | Reached skill level 5 in Fighting
  9884 | D:7      | Reached XP level 9. HP: 54/54 MP: 7/15
  9961 | D:7      | Reached skill level 5 in Long Blades
  9961 | D:7      | Reached skill level 5 in Armour
 10318 | D:7      | Found an iron altar of Okawaru.
 11675 | D:8      | Reached * piety under Kikubaaqudgha
 11675 | D:8      | Identified Kikubaaqudgha's Papyrus of Stolen Souls
                  | (Kikubaaqudgha gifted it to you on level 8 of the Dungeon)
 11675 | D:8      | Received a gift from Kikubaaqudgha
 11884 | D:8      | Learned a level 2 spell: Sublimation of Blood
 11887 | D:8      | Learned a level 2 spell: Swiftness
 12105 | D:8      | Reached skill level 1 in Air Magic
 12105 | D:8      | Reached skill level 1 in Evocations
 12954 | D:9      | Reached XP level 10. HP: 40/61 MP: 16/16
 13240 | D:9      | Noticed Grum
 13281 | D:9      | HP: 3/61 [wolf[Grum] (9)]
 13283 | D:9      | Mangled by Grum

Illustrated notes

Levels and vault maps discovered:
D:1:      heliophobic_arrival_enchanted_forest, layout_loops_corners,
          minmay_tetromino_s2
D:2:      layout_loops_ring, grunt_ministairs_3, kennysheep_nondescript
D:3:      layout_loops_cross, gammafunk_temple_overflow_wave,
          gup_sewer_entry_spiral, moated_statue, minmay_misc_feat_tower,
          uniq_grinder
D:4:      layout_basic, overflow_temple_1_default
D:5:      layout_loops_corners
D:6:      layout_basic, minmay_temple_entry_from_below_a,
          kennysheep_generic_room_4
D:7:      layout_cave_pools, lemuel_round_altar, kennysheep_okawaru_gauntlet
D:8:      layout_loops_ring
D:9:      layout_basic, onia_ninara_cookie, uniq_grum, uniq_joseph
Temple:   eino_narrow_crystal_temple

Skill      XL: |  1  2  3  4  5  6  7  8  9 10 |
---------------+-------------------------------+-----
Fighting       | 1 2 3 5 6 |  6.5
Necromancy     | 5 6 |  6.6
Armour         | 1 2 3 4 6 |  6.5
Short Blades   | 1 2 3 |  3.8
Dodging        | 3 4 5 |  5.1
Long Blades    | 2 4 6 |  6.6
Spellcasting   | 3 |  3.8
Air Magic      | 2 3 |  3.3
Evocations     | 2 |  2.4
Stealth        | |  2.0

Action                   |  1- 3 |  4- 6 |  7- 9 | 10-12 || total
-------------------------+-------+-------+-------+-------++-------
Melee: Whip              |    22 |       |       |       ||    22
       Kick              |     8 |    20 |    68 |     4 ||   100
       Peck              |     6 |    10 |    50 |     5 ||    71
       Dagger            |    38 |    68 |       |       ||   106
       Falchion          |       |    15 |   159 |     7 ||   181
Throw: Dart              |       |       |     4 |       ||     4
       Throwing net      |       |       |     1 |       ||     1
 Cast: Pain              |    23 |    41 |    95 |     5 ||   164
       Animate Skeleton  |     3 |     3 |     8 |       ||    14
       Vampiric Draining |     2 |     8 |    55 |     8 ||    73
       Animate Dead      |       |       |     2 |       ||     2
Invok: Receive Corpses   |       |       |     2 |       ||     2
Evoke: Wand              |       |       |     2 |       ||     2
  Use: Scroll            |     6 |     3 |     9 |     1 ||    19
       Potion            |       |       |     2 |     1 ||     3
 Stab: Sleeping          |     1 |     3 |     6 |       ||    10
Armor: Robe              |     3 |       |       |       ||     3
       Leather armour    |    13 |    16 |       |       ||    29
       Ring mail         |       |    10 |    63 |    10 ||    83
Dodge: Dodged            |    52 |    62 |   164 |    24 ||   302
       Rpst.: Falchion   |       |     6 |    45 |     8 ||    59

Table legend: (Time is in decaauts)
 A = Elapsed time spent in this place.
 B = Non-inter-level travel time spent in this place.
 C = Inter-level travel time spent in this place.
 D = Time resting spent in this place.
 E = Time spent auto-exploring this place.
 F = Levels seen in this place.
 G = Mean time per level.
                   A        B        C        D        E       F      G
               +--------+--------+--------+--------+--------+-----+--------+
         Total |  13299 |  12595 |    704 |   5990 |   4814 |  10 | 1329.9 |
       Dungeon |  13207 |  12526 |    681 |   5990 |   4747 |   9 | 1467.4 |
        Temple |     91 |     68 |     23 |      0 |     67 |   1 |   91.0 |
               +--------+--------+--------+--------+--------+-----+--------+

Top non-repeatable levels by time:
     D:6: 2123 daAuts
     D:8: 1899 daAuts
     D:5: 1767 daAuts
     D:7: 1688 daAuts
     D:1: 1535 daAuts
     D:4: 1478 daAuts
     D:2: 1211 daAuts
     D:3: 955 daAuts
     D:9: 547 daAuts
  Temple: 91 daAuts
